 Dungeon Crawl Stone Soup version 0.29-a0-40-g8eb35efe60 (webtiles) character file.

Game seed: 14170131763474987873

3295 Ajdolov the Geomancer (level 10, -12/60 HPs)
             Began as an Octopode Earth Elementalist on Feb 1, 2022.
             Was an Initiate of Vehumet.
             Shot with a sling bullet by Joseph (22 damage)
             ... on level 7 of the Dungeon.
             The game lasted 00:20:58 (9872 turns).

Ajdolov the Geomancer (Octopode Earth Elementalist) Turns: 9872, Time: 00:20:59

Health: -12/60     AC:  1    Str:  7    XL:     10   Next: 1%
Magic:  2/14       EV: 12    Int: 22    God:    Vehumet [......]
Gold:   352        SH:  6    Dex: 13    Spells: 11/15 levels left

rFire   . . .      SeeInvis .   x - +5 trident
rCold   . . .      Faith    .   s - +2 buckler
rNeg    . . .      Spirit   .   (helmet restricted)
rPois   .          Reflect  .   (no amulet)
rElec   .          Harm     .   (no ring)
rCorr   .          Rampage  .   (no ring)
Will    .....                   (no ring)
Stlth   +++.......              (no ring)
HPRegen 0.20/turn               (no ring)
MPRegen 0.14/turn               (no ring)
                                (no ring)
                                (no ring)

@: no status effects
A: almost no armour, amphibious, 8 rings, camouflage 1, gelatinous body 1,
(nimble swimmer 1), tentacles
a: Renounce Religion


You were on level 7 of the Dungeon.
You worshipped Vehumet.
Vehumet was noncommittal.
You visited 2 branches of the dungeon, and saw 9 of its levels.
You also visited: Sewer.

You collected 352 gold pieces.

Inventory:

Hand Weapons
 p - a +2 dagger of protection
 x - a +5 trident (weapon)
Missiles
 b - 108 stones
Armour
 s - a +2 buckler (worn)
Wands
 a - a wand of acid (7)
 u - a wand of polymorph (1)
 w - a wand of paralysis (8)
 C - a wand of flame (29)
Scrolls
 e - 2 scrolls of magic mapping {unknown}
 g - a scroll of summoning {unknown}
 j - 6 scrolls of identify {unknown}
 k - 3 scrolls of teleportation {unknown}
 l - a scroll of noise {unknown}
 n - a scroll of immolation {unknown}
 o - 2 scrolls of fog {unknown}
 y - a scroll of enchant weapon {unknown}
 z - a scroll of blinking {unknown}
Potions
 c - a potion of attraction {unknown}
 d - 3 potions of mutation {unknown}
 f - 3 potions of invisibility {unknown}
 h - a potion of flight {unknown}
 i - 2 potions of lignification {unknown}
 q - 4 potions of brilliance {unknown}
 r - 3 potions of haste {unknown}
 t - 2 potions of might
 v - 2 potions of curing {unknown}
 A - a potion of degeneration {unknown}
 B - a potion of resistance


   Skills:
 + Level 1.7 Fighting
 - Level 2.0 Dodging
 - Level 2.6 Stealth
 * Level 2.7 Shields
 * Level 3.3 Spellcasting
 - Level 8.6 Conjurations
 - Level 1.0 Transmutations
 - Level 10.1 Earth Magic


You had 11 spell levels left.
You knew the following spells:

 Your Spells              Type           Power      Damage    Failure   Level
a - Sandblast             Erth           96%        2d20      1%          1
b - Stone Arrow           Conj/Erth      88%        3d12      1%          3

Your spell library contained the following spells:

 Spells                   Type           Power      Damage    Failure   Level
 Passwall                 Tmut/Erth      23%        N/A       2%          2
 Slow                     Hex            12%        N/A       16%         1
 Petrify                  Tmut/Erth      28%        N/A       16%         4
 Confusing Touch          Hex            3%         N/A       43%         3
 Vampiric Draining        Necr           3%         2d6       43%         3
 Dispersal                Tloc           1%         N/A       100%        6
 Disjunction              Tloc           1%         N/A       100%        8


Dungeon Overview and Level Annotations

Branches:
Dungeon (8/15)             Temple (1/1) D:6           Sewer (visited)
   Lair: D:8-11

Altars:
Ru
Vehumet

Shops:
D:1 =   D:6 (   D:7 (

Annotations:
D:7 Joseph


Innate Abilities, Weirdness & Mutations

You cannot wear most types of armour.
You are amphibious.
You can wear up to eight rings at the same time.
Your skin changes colour to match your surroundings (Stealth+).
Your rubbery body absorbs attacks. (AC +1, EV +1)
((You are camouflaged when in or above water. (Stealth+)))
You have tentacles for arms and can constrict up to eight enemies at once.


Message History

Joseph tries to grin evilly.
Joseph drinks a potion.
Joseph seems to grow stronger.
Casting: Stone Arrow (safe; 1% risk of failure)
Confirm with . or Enter, or press ? or * to list all spells.
Aiming: Stone Arrow (safe; 1% risk of failure)
Press: ? - help, Shift-Dir - straight line, f/p - Joseph
Aim: Joseph, wielding a +0 quarterstaff, wearing a +4 ring mail of willpower and quivering sling bullets (heavily wounded, strong, 79% to hit)
The stone arrow hits Joseph!
Joseph is severely wounded.
You block Joseph's attack.
Aiming: Sandblast (safe; 1% risk of failure)
Press: ? - help, Q - select action, (/) - cycle Shift-Dir - straight line, f/p - Joseph
Aim: Joseph, wielding a +0 quarterstaff, wearing a +4 ring mail of willpower and quivering sling bullets (severely wounded, strong, 85% to hit)
The blast of sand hits Joseph.
Joseph is severely wounded.
Joseph hits you with a +0 quarterstaff!!
Ouch! That really hurt!
Okay, then.
Aiming: Paralyse
Press: ? - help, Shift-Dir - straight line, f/p - Joseph
Aim: Joseph, wielding a +0 quarterstaff, wearing a +4 ring mail of willpower and quivering sling bullets (severely wounded, strong, chance to affect: 7%)
Okay, then.
Press: ? - help, v - describe, . - travel A stone staircase leading down, spattered with blood.
Joseph unwields a +0 quarterstaff.
Joseph wields a +0 hunting sling.
Joseph shoots a sling bullet.
The sling bullet hits you!!
* * * LOW HITPOINT WARNING * * *
Throw: throwing net
Press: ? - help, Shift-Dir - straight line, f/p - Joseph
Aim: Joseph, wielding a +0 hunting sling, wearing a +4 ring mail of willpower and quivering sling bullets (severely wounded, strong, 60% to hit)
You throw a throwing net. The throwing net barely misses Joseph.
Joseph shoots a sling bullet.
The sling bullet barely misses you.
Aiming: Corrosive Bolt
Press: ? - help, Shift-Dir - straight line, f/p - Joseph
Aim: Joseph, wielding a +0 hunting sling, wearing a +4 ring mail of willpower and quivering sling bullets (severely wounded, strong, 75% to hit)
The bolt of acid hits Joseph.
The acid corrodes Joseph!
Joseph is severely wounded.
Joseph says, "I'm happy to see you. And I'll be happy to kill you."
Joseph shoots a sling bullet.
The sling bullet hits you!!
You die...

...............#+#########....###
.........(.....#..............<..
...............#.................
...............########.####..###
###########...........#.####..##.
..........#...........#..........
..........#...@.......#..........
..........#....>......##'###.....
.##..##...#.....@..........#.....
.##..##...############.....#.....
.....#......'....#...'.....#..^..
.....+......#....#...#.....#.....
###..##.....##...#...#.....#'####
.##..##.....##...##..#...........
............########'#...........
.....................+...........
.................<...#...........


You could see Joseph (strong, corroded).

Vanquished Creatures
  Prince Ribbit (D:5)
  A wyvern (D:7)
  Grum (D:7)
  Eustachio (D:4)
  An acid dragon (D:7)
  Edmund (D:5)
  A sky beast (D:6)
  An ice beast (D:5)
  2 black bears
  A necrophage (D:5)
  A wolf (D:8)
  An ogre (D:7)
  A centaur (D:6)
  3 kobold brigands (Sewer)
  A wyvern zombie (D:8)
  A bullfrog (D:7)
  5 scorpions
  A water moccasin skeleton (D:6)
  4 wights (D:6)
  2 howler monkeys (D:7)
  2 bullfrog zombies
  A hound (D:6)
  2 orc priests
  A centaur skeleton (D:7)
  A centaur zombie (D:5)
  Ijyb (D:5)
  3 iguanas
  Natasha (twice) (D:3)
  3 killer bee zombies (D:7)
  A hound skeleton (D:4)
  3 howler monkey zombies
  4 gnolls (D:3)
  19 adders
  3 river rats (Sewer)
  An adder skeleton (D:4)
  5 worms
  A dart slug (D:4)
  11 orcs
  15 ball pythons
  5 bats
  8 endoplasms
  4 giant cockroaches
  8 goblins
  4 hobgoblins
  2 jackals (D:3)
  23 kobolds
  7 quokkas
  5 frilled lizards
  21 rats
197 creatures vanquished.

Notes
Turn   | Place    | Note
-------+----------+-------------------------------------------
     0 | D:1      | Ajdolov the Octopode Earth Elementalist began the quest for
                  | the Orb.
     0 | D:1      | Reached XP level 1. HP: 11/11 MP: 3/3
   372 | D:1      | Found a faded altar of an unknown god.
   381 | D:1      | Reached XP level 2. HP: 17/17 MP: 5/5
   528 | D:1      | Reached skill level 4 in Earth Magic
   541 | D:1      | Reached XP level 3. HP: 14/21 MP: 6/6
   660 | D:1      | Found Wifile's Jewellery Boutique.
  1622 | D:2      | Reached XP level 4. HP: 27/27 MP: 3/7
  1923 | D:2      | Reached skill level 5 in Earth Magic
  1930 | D:2      | Learned a level 3 spell: Stone Arrow
  2233 | D:3      | Reached skill level 1 in Conjurations
  2391 | D:3      | Reached XP level 5. HP: 25/31 MP: 5/8
  2807 | D:3      | Reached XP level 6. HP: 36/36 MP: 7/9
  3148 | D:3      | Noticed Natasha
  3157 | D:3      | Killed Natasha
  3158 | D:3      | Reached skill level 6 in Earth Magic
  3179 | D:3      | Noticed Natasha
  3186 | D:3      | Killed Natasha
  3464 | D:4      | Noticed Eustachio
  3743 | D:4      | Found a glowing drain.
  3758 | Sewer    | Entered a sewer
  3857 | Sewer    | Reached XP level 7. HP: 41/41 MP: 5/10
  4541 | Sewer    | Reached skill level 7 in Earth Magic
  5254 | D:4      | Killed Eustachio
  5255 | D:4      | Reached skill level 5 in Conjurations
  5255 | D:4      | Reached XP level 8. HP: 46/46 MP: 1/11
  5405 | D:5      | Entered Level 5 of the Dungeon
  5421 | D:5      | Noticed Ijyb
  5579 | D:5      | Killed Ijyb
  5653 | D:5      | Noticed Prince Ribbit
  5656 | D:5      | Killed Prince Ribbit
  5657 | D:5      | Reached skill level 8 in Earth Magic
  6175 | D:5      | Noticed Edmund
  6188 | D:5      | Killed Edmund
  6616 | D:6      | Found Doisunoc's Weapon Shoppe.
  6756 | D:6      | Reached skill level 9 in Earth Magic
  6756 | D:6      | Reached XP level 9. HP: 24/51 MP: 7/12
  7485 | D:6      | Found a staircase to the Ecumenical Temple.
  7520 | Temple   | Entered the Ecumenical Temple
  7609 | Temple   | Became a worshipper of Vehumet
  8153 | D:7      | Found the +5 robe of Night {Dark Will+ SInv}
  8504 | D:7      | Reached skill level 10 in Earth Magic
  8887 | D:7      | Found Leqis's Antique Weapon Shop.
  9080 | D:7      | Reached skill level 1 in Shields
  9278 | D:7      | Reached skill level 1 in Fighting
  9596 | D:8      | Noticed Grum
  9657 | D:7      | Killed Grum
  9658 | D:7      | Reached XP level 10. HP: 26/60 MP: 4/14
  9862 | D:8      | Noticed Joseph
  9872 | D:7      | Shot with a sling bullet by Joseph

Illustrated notes

Levels and vault maps discovered:
D:1:      matt_arrival_los_fun, layout_rooms,
          hellmonk_ecumenical_altar_crossroads, serial_shops,
          nicolae_lakefront_shop, chequers_serial_rivers_small_b
D:2:      layout_basic, minmay_randomly_rotated_circles
D:3:      layout_rooms, uniq_natasha
D:4:      layout_loops_ring, gup_sewer_entry_bowl, uniq_eustachio
D:5:      layout_rooms, uniq_edmund, uniq_ijyb, uniq_prince_ribbit1
D:6:      layout_rooms, minmay_temple_entry_statues_pillars, serial_shops,
          nicolae_shop_stone
D:7:      layout_gridville, serial_shops, nicolae_shop_hallway_stairs
D:8:      layout_rooms, uniq_joseph, uniq_grum
Temple:   mainiacjoe_temple_trianglar_array

Skill      XL: |  1  2  3  4  5  6  7  8  9 |
---------------+----------------------------+-----
Earth Magic    | 4 5 6 7 9 10 | 10.1
Conjurations   | 1 2 3 5 7 8 |  8.6
Shields        | 2 |  2.7
Fighting       | 1 |  1.7
Spellcasting   | 3 |  3.3
Dodging        | |  2.0
Stealth        | |  2.6
Transmutations | |  1.0

Action                   |  1- 3 |  4- 6 |  7- 9 | 10-12 || total
-------------------------+-------+-------+-------+-------++-------
Melee: Dagger            |    45 |    50 |    62 |       ||   157
       Tentacles         |     5 |     8 |    14 |       ||    27
       Constrict         |     4 |    13 |    19 |       ||    36
       Punch             |     1 |       |     1 |       ||     2
       Trident           |       |       |    24 |       ||    24
Throw: Throwing net      |       |       |     1 |     1 ||     2
 Cast: Sandblast         |     8 |    50 |    44 |     1 ||   103
       Stone Arrow       |       |     1 |    76 |     4 ||    81
Evoke: Wand              |       |       |       |     1 ||     1
 Stab: Sleeping          |     8 |    17 |     2 |       ||    27
       Held in net/web   |       |       |     1 |       ||     1
Armor: Skin              |       |     3 |     6 |       ||     9
Dodge: Dodged            |    13 |    23 |    60 |     2 ||    98
Block: Buckler           |       |       |     1 |     1 ||     2

Table legend: (Time is in decaauts)
 A = Elapsed time spent in this place.
 B = Non-inter-level travel time spent in this place.
 C = Inter-level travel time spent in this place.
 D = Time resting spent in this place.
 E = Time spent auto-exploring this place.
 F = Levels seen in this place.
 G = Mean time per level.
                   A        B        C        D        E       F      G
               +--------+--------+--------+--------+--------+-----+--------+
         Total |   9899 |   9628 |    271 |   2666 |   5435 |  10 |  989.9 |
       Dungeon |   8676 |   8468 |    208 |   2202 |   5122 |   8 | 1084.5 |
        Temple |    153 |     90 |     63 |      0 |     85 |   1 |  153.0 |
         Sewer |   1069 |   1069 |      0 |    464 |    228 |   1 | 1069.0 |
               +--------+--------+--------+--------+--------+-----+--------+

Top non-repeatable levels by time:
     D:7: 1681 daAuts
     D:1: 1259 daAuts
     D:4: 1243 daAuts
     D:5: 1204 daAuts
     D:6: 1140 daAuts
   Sewer: 1069 daAuts
     D:3: 1008 daAuts
     D:2: 967 daAuts
     D:8: 170 daAuts
  Temple: 153 daAuts
